 Dungeon Crawl Stone Soup version 0.25-a0-566-g062765b (webtiles) character file.

Game seed: 6796209519802703747, levelgen mode: deterministic

2 15 the Caller (level 1, -3/13 HPs)
             Began as a Barachi Summoner on Feb 28, 2020.
             Slain by a leopard gecko (5 damage)
             ... on level 1 of the Dungeon.
             The game lasted 00:00:39 (115 turns).

15 the Caller (Barachi Summoner)                     Turns: 115, Time: 00:00:39

Health: -3/13      AC:  2    Str:  9    XL:     1   Next: 40%
Magic:  0/3        EV: 12    Int: 15    God:
Gold:   19         SH:  0    Dex: 12    Spells: 3/4 levels left

rFire    . . .     SeeInvis .   (no weapon)
rCold    . . .     Gourm    .   (no shield)
rNeg     . . .     Faith    .   a - +0 robe
rPois    .         Spirit   .   (no helmet)
rElec    .         Reflect  .   (no cloak)
rCorr    .         Harm     .   (no gloves)
MR       .....                  (no boots)
Stlth    ++........             (no amulet)
HPRegen  0.04/turn              (no ring)
MPRegen  0.08/turn              (no ring)

@: slow
A: +LOS, swims, slowness 1, strong legs 1
a: Hop


You were on level 1 of the Dungeon.
You were not hungry.

You visited 1 branch of the dungeon, and saw 1 of its levels.

You collected 19 gold pieces.

Inventory:

Armour
 a - a +0 robe (worn)
Potions
 e - a potion of curing {unknown}
Comestibles
 c - a ration
 d - a chunk of flesh


   Skills:
 + Level 2.2 Dodging
 + Level 1.7 Stealth
 + Level 2.2 Spellcasting
 + Level 4.9 Summonings


You had 3 spell levels left.
You knew the following spells:

 Your Spells              Type           Power        Failure   Level  Hunger
a - Summon Small Mammal   Summ           ###.         2%          1    #......

Your spell library contained the following spells:

 Spells                   Type           Power        Failure   Level  Hunger
 Call Imp                 Summ           ###.....     4%          2    ###....
 Call Canine Familiar     Summ           ###.....     9%          3    ###....
 Summon Guardian Golem    Hex/Summ       #.......     24%         3    ###....
 Summon Ice Beast         Ice/Summ       #.......     61%         4    #####..
 Summon Lightning Spire   Summ/Air       #.......     61%         4    #####..


Dungeon Overview and Level Annotations

Branches:
Dungeon (1/15)

Altars:


Innate Abilities, Weirdness & Mutations

You can be seen from farther away. (+LOS)
You can swim through water.
You cover ground slowly.
You can hop short distances.


Message History

The leopard gecko bites you but does no damage.
You hit the leopard gecko but do no damage.
The leopard gecko is heavily wounded.
Your bat closely misses the kobold.
The leopard gecko misses you.
You closely miss the leopard gecko.
The leopard gecko is heavily wounded.
The ball python barely misses your bat. The ball python grabs your bat.
The ball python constricts your bat. The leopard gecko barely misses you.
Your bat closely misses the kobold.
The ball python bites your bat. The ball python constricts your bat.
Your bat dies!
Your bat's corpse disappears in a puff of smoke!
Casting: Summon Small Mammal (safe; 2% risk of failure)
Confirm with . or Enter, or press ? or * to list all spells.
The leopard gecko misses you. The leopard gecko bites you.
* * * LOW HITPOINT WARNING * * *
Casting: Summon Small Mammal (safe; 2% risk of failure)
Confirm with . or Enter, or press ? or * to list all spells.
The leopard gecko bites you.
You die...

###'### #.# .# #.#
#########.##.#
#.####............#
#......#######.##.#####
######.# #.#....... #.#
##.#..##### #b#
##..)K...... #r#
#......####. #@#
#...#..# #l# ##...#..#
###K# #.......# #..
#..S####)......#?.#
#......((.........#.
#....(..............
##.#####.....###.... #.
##..(.......#
...................


You could see a leopard gecko, a ball python, a kobold, a friendly bat and a
friendly rat.

Vanquished Creatures
  A hobgoblin (D:1)
  A kobold (D:1)
2 creatures vanquished.

Vanquished Creatures (collateral kills)
  A hobgoblin (D:1)
1 creature vanquished.

Grand Total: 3 creatures vanquished

Notes
Turn   | Place    | Note
-------+----------+-------------------------------------------
     0 | D:1      | 15 the Barachi Summoner began the quest for the Orb.
     0 | D:1      | Reached XP level 1. HP: 13/13 MP: 3/3
     2 | D:1      | Noticed a minotaur
     3 | D:1      | Noticed a naga
     5 | D:1      | Noticed a centaur
     7 | D:1      | Noticed a merfolk
     7 | D:1      | Noticed a dwarf
     9 | D:1      | Noticed a troll
    11 | D:1      | Noticed a demigod
    13 | D:1      | Noticed a halfling
    13 | D:1      | Noticed a human
    15 | D:1      | Noticed a vine stalker
    15 | D:1      | Noticed a spriggan
    17 | D:1      | Noticed an octopode
    19 | D:1      | Noticed a felid
    19 | D:1      | Noticed a vampire
    21 | D:1      | Noticed a formicid
    21 | D:1      | Noticed a draconian
    23 | D:1      | Noticed a demonspawn
    23 | D:1      | Noticed an elf
    25 | D:1      | Noticed an ogre
    25 | D:1      | Noticed a tengu
    27 | D:1      | Noticed a gargoyle
    27 | D:1      | Noticed a ghoul
   115 | D:1      | Slain by a leopard gecko

Levels and vault maps discovered:
D:1:      kb_arrival_jail, layout_loops_ring, minmay_tripent

Action                   || total
-------------------------++-------
Melee: Unarmed           ||    10
 Cast: Summon Small Mamm ||     8
  Use: Scroll            ||     1
Armor: Robe              ||     3
Dodge: Dodged            ||     9

Table legend:
 A = Non-vault XP
 B = Vault XP
 C = Vault XP percentage of total XP
 D = Non-vault monster count
 E = Vault monster count
 F = Vault count percentage of total count
                 A         B        C        D         E       F
            +---------+---------+-------+---------+---------+-------
      Total |       4 |       0 |   0.0 |       3 |       0 |   0.0
            +---------+---------+-------+---------+---------+-------
        D:1 |       4 |       0 |   0.0 |       3 |       0 |   0.0
            +---------+---------+-------+---------+---------+-------
